SAA
HELENA GRIZZLIES @ IRVING BLUE SOX
07/16/2021
 
TOP OF THE 1ST
Helena Grizzlies batting - Pitching for Irving Blue Sox : RHP Pat Hunt
Pitching: RHP Pat Hunt
Batting: RHB Hank Kenney 0-0: Called Strike
0-1: Foul Ball, location: 2F
0-2: Foul Ball, location: 2F
0-2: Ball
1-2: Ball
2-2: Ball
3-2: Foul Ball, location: 2F
3-2: Foul Ball, location: 2F
3-2: Fly out, F9 (Flyball, 9S)
Batting: RHB David Ramírez 0-0: Called Strike
0-1: Ball
1-1: Ball
2-1: Foul Ball, location: 2F
2-2: Foul Ball, location: 2F
2-2: Strikes out swinging
Batting: SHB Eric O'Neill 0-0: Called Strike
0-1: Ground out 1-3 (Groundball, 15S)
Top of the 1st over - 0 run(s), 0 hit(s), 0 error(s), 0 left on base; Helena 0 - Irving 0
BOTTOM OF THE 1ST
Irving Blue Sox batting - Pitching for Helena Grizzlies : LHP Frank Simmons
Pitching: LHP Frank Simmons
Batting: RHB Alfredo Chávez 0-0: Called Strike
0-1: Ball
1-1: Ground out 6-3 (Groundball, 6M)
Batting: RHB Dave Ash 0-0: Fly out, F8 (Flyball, 8LM)
Batting: RHB Stewart Ralston 0-0: Ball
1-0: Ball
2-0: Called Strike
2-1: Called Strike
2-2: Foul Ball, location: 2F
2-2: Ball
3-2: Ground out 2-3 (Groundball, 2R)
Bottom of the 1st over - 0 run(s), 0 hit(s), 0 error(s), 0 left on base; Helena 0 - Irving 0
TOP OF THE 2ND
Helena Grizzlies batting - Pitching for Irving Blue Sox : RHP Pat Hunt
Batting: LHB Rufo Flores 0-0: Ball
1-0: Called Strike
1-1: Ball
2-1: Called Strike
2-2: SOLO HOME RUN (Flyball, 9LD), Distance : 358 ft
Batting: RHB Joe Chase 0-0: Ball
1-0: Reached on error, E6 (Groundball, 6)
Batting: RHB Jack Glenn 0-0: Called Strike
0-1: Ground out 2-3 (Groundball, 25)
Joe Chase to third
Batting: RHB Curt Pope 0-0: Ball
1-0: Ball
Wild Pitch!
Joe Chase scores
2-0: Foul Ball, location: 2F
2-1: Foul Ball, location: 2F
2-2: Reached on error, E1 (Groundball, 23)
Batting: SHB Bruce Hunt 0-0: Swinging Strike
0-1: Called Strike
0-2: Foul Ball, location: 2F
0-2: Foul Ball, location: 2F
0-2: Ball
1-2: Ground out 5-3 (Groundball, 5S)
Curt Pope to third
Batting: RHB Matt Williams 0-0: Swinging Strike
0-1: Ball
1-1: Called Strike
1-2: Foul Ball, location: 2F
1-2: Ball
2-2: Foul Ball, location: 2F
2-2: Strikes out swinging
Top of the 2nd over - 2 run(s), 1 hit(s), 2 error(s), 1 left on base; Helena 2 - Irving 0
BOTTOM OF THE 2ND
Irving Blue Sox batting - Pitching for Helena Grizzlies : LHP Frank Simmons
Batting: RHB Will Hunter 0-0: Foul Ball, location: 2F
0-1: Ball
1-1: Ball
2-1: Foul Ball, location: 2F
2-2: Strikes out swinging
Batting: RHB Jorge López 0-0: Foul Ball, location: 2F
0-1: Ball
1-1: Called Strike
1-2: Foul Ball, location: 2F
1-2: Strikes out swinging
Batting: LHB Ramón Rivera 0-0: Ball
1-0: Ball
2-0: Ball
3-0: Called Strike
3-1: Called Strike
3-2: Base on Balls
Batting: SHB Curt Finley 0-0: Ball
1-0: Called Strike
1-1: Ball
2-1: Called Strike
2-2: Fielders Choice at 2nd, U4 (Groundball, 4M)
Bottom of the 2nd over - 0 run(s), 0 hit(s), 0 error(s), 1 left on base; Helena 2 - Irving 0
TOP OF THE 3RD
Helena Grizzlies batting - Pitching for Irving Blue Sox : RHP Pat Hunt
Batting: RHB Hank Kenney 0-0: Called Strike
0-1: Ball
1-1: Ground out 2-3 (Groundball, 23)
Batting: RHB David Ramírez 0-0: Called Strike
0-1: DOUBLE (Flyball, 89M)
Batting: SHB Eric O'Neill 0-0: Called Strike
0-1: Ground out 6-3 (Groundball, 6M)
David Ramírez to third
Batting: LHB Rufo Flores 0-0: Fly out, F7 (Flyball, 78M)
Top of the 3rd over - 0 run(s), 1 hit(s), 0 error(s), 1 left on base; Helena 2 - Irving 0
BOTTOM OF THE 3RD
Irving Blue Sox batting - Pitching for Helena Grizzlies : LHP Frank Simmons
Batting: RHB Dustin Johnstone 0-0: Called Strike
0-1: Ball
1-1: Swinging Strike
1-2: Strikes out looking
Batting: LHB Kyle James 0-0: Ball
1-0: Ball
2-0: Foul Ball, location: 2F
2-1: Ball
3-1: Base on Balls
Batting: RHB Alfredo Chávez 0-0: Ball
1-0: Ball
2-0: SINGLE (Line Drive, 89M)
Kyle James to second
Batting: RHB Dave Ash 0-0: Called Strike
Throwing error on steal attempt, E2
Kyle James scores
Alfredo Chávez to third
0-1: Ball
1-1: Called Strike
1-2: Ground out 5-3 (Groundball, 5S)
Batting: RHB Stewart Ralston 0-0: Ball
1-0: Called Strike
1-1: Ground out 5-3 (Groundball, 56)
Bottom of the 3rd over - 1 run(s), 1 hit(s), 1 error(s), 1 left on base; Helena 2 - Irving 1
TOP OF THE 4TH
Helena Grizzlies batting - Pitching for Irving Blue Sox : RHP Pat Hunt
Batting: RHB Joe Chase 0-0: Foul Ball, location: 2F
0-1: Ball
1-1: Ball
2-1: SINGLE (Groundball, 56)
Batting: RHB Jack Glenn 0-0: 2-RUN HOME RUN (Flyball, 7D), Distance : 415 ft
Batting: RHB Curt Pope 0-0: Swinging Strike
0-1: Ball
1-1: Foul Ball, location: 2F
1-2: Fly out, F8 (Flyball, 78S)
Batting: SHB Bruce Hunt 0-0: Swinging Strike
0-1: Foul Ball, location: 2F
0-2: Strikes out swinging
Batting: RHB Matt Williams 0-0: Ball
1-0: Ground out 6-3 (Groundball, 6)
Top of the 4th over - 2 run(s), 2 hit(s), 0 error(s), 0 left on base; Helena 4 - Irving 1
BOTTOM OF THE 4TH
Irving Blue Sox batting - Pitching for Helena Grizzlies : LHP Frank Simmons
Batting: RHB Will Hunter 0-0: Fly out, F8 (Line Drive, 8LM)
Batting: RHB Jorge López 0-0: Called Strike
0-1: Called Strike
0-2: Strikes out looking
Batting: LHB Ramón Rivera 0-0: Ball
1-0: Ball
2-0: Called Strike
2-1: Called Strike
2-2: Foul Ball, location: 2F
2-2: Strikes out swinging
Bottom of the 4th over - 0 run(s), 0 hit(s), 0 error(s), 0 left on base; Helena 4 - Irving 1
TOP OF THE 5TH
Helena Grizzlies batting - Pitching for Irving Blue Sox : RHP Pat Hunt
Batting: RHB Hank Kenney 0-0: Ball
1-0: Ball
2-0: SINGLE (Line Drive, 89S)
Batting: RHB David Ramírez 0-0: Ball
1-0: Bunt missed!
1-1: Ball
2-1: Sac Bunt - play at first, batter OUT! 3-4
Hank Kenney to second
Batting: SHB Eric O'Neill 0-0: Ball
1-0: Foul Ball, location: 2F
1-1: Swinging Strike
1-2: Foul Ball, location: 2F
1-2: Fly out, F7 (Flyball, 78M)
Batting: LHB Rufo Flores 0-0: Ball
1-0: Fly out, F7 (Flyball, 78M)
Top of the 5th over - 0 run(s), 1 hit(s), 0 error(s), 1 left on base; Helena 4 - Irving 1
BOTTOM OF THE 5TH
Irving Blue Sox batting - Pitching for Helena Grizzlies : LHP Frank Simmons
Batting: SHB Curt Finley 0-0: Foul Ball, location: 2F
0-1: Ball
1-1: Called Strike
1-2: Strikes out swinging
Batting: RHB Dustin Johnstone 0-0: Ball
1-0: Foul Ball, location: 2F
1-1: Called Strike
1-2: Reached on error, E1 (Groundball, 15S)
Batting: LHB Kyle James 0-0: Called Strike
0-1: Swinging Strike
0-2: Grounds into double play, 6-4-3 (Groundball, 6)
Bottom of the 5th over - 0 run(s), 0 hit(s), 1 error(s), 0 left on base; Helena 4 - Irving 1
TOP OF THE 6TH
Helena Grizzlies batting - Pitching for Irving Blue Sox : RHP Pat Hunt
Batting: RHB Joe Chase 0-0: Fly out, F7 (Flyball, 7D)
Batting: RHB Jack Glenn 0-0: Called Strike
0-1: Ball
1-1: Swinging Strike
1-2: Strikes out swinging
Batting: RHB Curt Pope 0-0: Swinging Strike
0-1: Foul Ball, location: 2F
0-2: Ball
1-2: Strikes out swinging
Top of the 6th over - 0 run(s), 0 hit(s), 0 error(s), 0 left on base; Helena 4 - Irving 1
BOTTOM OF THE 6TH
Irving Blue Sox batting - Pitching for Helena Grizzlies : LHP Frank Simmons
Batting: RHB Alfredo Chávez 0-0: Called Strike
0-1: Called Strike
0-2: SINGLE (Groundball, 3S) (infield hit)
Batting: RHB Dave Ash 0-0: Swinging Strike
0-1: Reached on error, E3 (Groundball, 34S)
Alfredo Chávez to third
Batting: RHB Stewart Ralston 0-0: Foul Ball, location: 2F
0-1: Ground out 6-3 (Groundball, 6MS)
Alfredo Chávez scores
Dave Ash to third
Batting: RHB Will Hunter 0-0: Foul Ball, location: 2F
0-1: Ball
1-1: Foul Ball, location: 2F
1-2: Ball
2-2: Strikes out swinging
Batting: RHB Jorge López 0-0: Called Strike
0-1: Ball
1-1: Ball
2-1: Swinging Strike
2-2: Foul Ball, location: 2F
2-2: Fly out, F7 (Line Drive, 7LD)
Bottom of the 6th over - 1 run(s), 1 hit(s), 1 error(s), 1 left on base; Helena 4 - Irving 2
TOP OF THE 7TH
Helena Grizzlies batting - Pitching for Irving Blue Sox : RHP Pat Hunt
Batting: SHB Bruce Hunt 0-0: Ball
1-0: Ball
2-0: Fly out, F9 (Flyball, 89M)
Batting: RHB Matt Williams 0-0: Foul Ball, location: 2F
0-1: DOUBLE (Line Drive, 78M)
Pitching: RHP Andy Perry
Batting: RHB Hank Kenney 0-0: Ball
1-0: Ball
2-0: Ball
3-0: Base on Balls
Batting: RHB David Ramírez 0-0: Swinging Strike
0-1: Swinging Strike
0-2: Ball
1-2: Strikes out swinging
Batting: SHB Eric O'Neill 0-0: Ball
1-0: Called Strike
1-1: SINGLE (Line Drive, 4D)
Matt Williams to third
Hank Kenney to second
Runner from 3rd tries for Home, throw and OUT!
Top of the 7th over - 0 run(s), 2 hit(s), 0 error(s), 2 left on base; Helena 4 - Irving 2
BOTTOM OF THE 7TH
Irving Blue Sox batting - Pitching for Helena Grizzlies : LHP Frank Simmons
Batting: LHB Ramón Rivera 0-0: Called Strike
0-1: Foul Ball, location: 2F
0-2: Ball
1-2: Ground out U3 (Groundball, 3L)
Batting: SHB Curt Finley 0-0: Foul Ball, location: 2F
0-1: Swinging Strike
0-2: Fly out, F2 (Popup, 2RF)
Batting: RHB Dustin Johnstone 0-0: Ball
1-0: Called Strike
1-1: Ball
2-1: DOUBLE (Line Drive, 7LD)
Pitching: LHP Alonso García
Batting: LHB Kyle James 0-0: Foul Ball, location: 2F
0-1: Ball
1-1: Foul Ball, location: 2F
1-2: Ground out U3 (Groundball, 3)
Bottom of the 7th over - 0 run(s), 1 hit(s), 0 error(s), 1 left on base; Helena 4 - Irving 2
TOP OF THE 8TH
Helena Grizzlies batting - Pitching for Irving Blue Sox : RHP Andy Perry
Batting: LHB Rufo Flores 0-0: Swinging Strike
0-1: Called Strike
0-2: Strikes out looking
Batting: RHB Joe Chase 0-0: Ball
1-0: Called Strike
1-1: Swinging Strike
1-2: SINGLE (Groundball, 56D)
Batting: RHB Jack Glenn 0-0: Foul Ball, location: 2F
0-1: Called Strike
0-2: Ball
1-2: Ball
2-2: Ball
3-2: Strikes out looking
Batting: RHB Curt Pope 0-0: Ball
1-0: Ball
2-0: Ball
3-0: Base on Balls
Joe Chase to second
Pinch Hitting: SHB Jim Unknown 0-0: Foul Ball, location: 2F
0-1: Ball
1-1: Fly out, F8 (Flyball, 8LM)
Top of the 8th over - 0 run(s), 1 hit(s), 0 error(s), 2 left on base; Helena 4 - Irving 2
BOTTOM OF THE 8TH
Irving Blue Sox batting - Pitching for Helena Grizzlies : LHP Alonso García
Now at SS: Dustin O'Quinlevan
Batting: RHB Alfredo Chávez 0-0: Ball
1-0: Foul Ball, location: 2F
1-1: Ball
2-1: Swinging Strike
2-2: Ball
3-2: Foul Ball, location: 2F
3-2: Fly out, F8 (Flyball, 8LM)
Batting: RHB Dave Ash 0-0: Called Strike
0-1: Foul Ball, location: 2F
0-2: Ball
1-2: SINGLE (Line Drive, 89S)
Pitching: RHP Taro Ohayashi
Batting: RHB Stewart Ralston 0-0: Called Strike
0-1: Ball
1-1: Foul Ball, location: 2F
1-2: Ball
2-2: Foul Ball, location: 2F
2-2: Fly out, F7 (Flyball, 78S)
Batting: RHB Will Hunter 0-0: Fly out, F8 (Flyball, 8RM)
Bottom of the 8th over - 0 run(s), 1 hit(s), 0 error(s), 1 left on base; Helena 4 - Irving 2
TOP OF THE 9TH
Helena Grizzlies batting - Pitching for Irving Blue Sox : RHP Andy Perry
Pitching: RHP Domingo Álvarez
Batting: RHB Matt Williams 0-0: Foul Ball, location: 2F
0-1: Ball
1-1: Ball
2-1: SINGLE (Flyball, 7S)
Batting: RHB Hank Kenney 0-0: Sac Bunt - play at first, batter OUT! 5-3
Matt Williams to second
Batting: RHB David Ramírez 0-0: Called Strike
0-1: Ball
1-1: Foul Ball, location: 2F
1-2: SINGLE (Groundball, 6MD)
Matt Williams to third
Runner from 3rd tries for Home, SAFE, throw made home
Now in CF: Jack MacAsgill
Batting: SHB Eric O'Neill 0-0: Ball
1-0: Ball
2-0: Fly out, F7 (Flyball, 7S)
Batting: LHB Rufo Flores 0-0: Ball
1-0: DOUBLE (Flyball, 78D)
David Ramírez to third
Runner from 3rd tries for Home, SAFE, no throw or cutoff
Batting: RHB Joe Chase 0-0: Ball
1-0: Swinging Strike
1-1: Called Strike
1-2: SINGLE (Groundball, 56D)
Rufo Flores to third
Runner from 3rd tries for Home, SAFE, no throw or cutoff
Pitching: RHP Jim Meyer
Batting: RHB Jack Glenn 0-0: Ball
1-0: Fly out, F9 (Flyball, 9M)
Top of the 9th over - 3 run(s), 4 hit(s), 0 error(s), 1 left on base; Helena 7 - Irving 2
BOTTOM OF THE 9TH
Irving Blue Sox batting - Pitching for Helena Grizzlies : RHP Taro Ohayashi
Batting: RHB Jorge López 0-0: Called Strike
0-1: Ball
1-1: Ground out 6-3 (Groundball, 6)
Batting: SHB Jack MacAsgill 0-0: Ball
1-0: Ball
2-0: Ball
3-0: Called Strike
3-1: Ground out 4-3 (Groundball, 34)
Batting: SHB Curt Finley 0-0: Ball
1-0: Called Strike
1-1: Ball
2-1: SINGLE (Flyball, 7S)
Batting: RHB Dustin Johnstone 0-0: Called Strike
0-1: Ball
1-1: Ball
2-1: Foul Ball, location: 2F
2-2: Ball
3-2: Foul Ball, location: 2F
3-2: Base on Balls
Curt Finley to second
Batting: LHB Kyle James 0-0: Ball
1-0: Ball
2-0: Foul Ball, location: 2F
2-1: Ground out 6-3 (Groundball, 6)
Bottom of the 9th over - 0 run(s), 1 hit(s), 0 error(s), 2 left on base; Helena 7 - Irving 2
This league is powered by Out of the Park Baseball, the baseball management simulation game for PC, Mac and Linux
Friday, January 22nd, 2016 - OOTP Baseball 16.9 Build 39